cohdb
Replays
Latest Replays
All Replays
Popular Replays
Top Player Replays
Match Explorer
How It Works
Community
CoH3 Stats
Reddit
Sign in to upload your games and track your stats! →
Sign in with Steam
Match 40306426
Unlisted
Match 40306426
Overview
Messages
Build Orders
End
Pioneer Squad
Pioneer Squad
Construct Infanterie Kompanie
Selects Breakthrough Battlegroup
Grenadier Squad
Grenadier Squad
MG 42 Machine Gun Team
Infanterie Officer Quarters
Grenadier Squad
Construct Panzergrenadier Kompanie
Pak 40 Anti-tank Gun Team
Panzergrenadier Squad
Pak 40 Anti-tank Gun Team
Selects Assault Grenadiers
Selects Breakthrough
Selects Mechanized Assault Group
Medical Bunker
Construct Panzer Kompanie
Panzergrenadier Officer Quarters
Stoßtruppen Squad
Breakthrough
Sturmpanzer IV Brummbär
Pak 40 Anti-tank Gun Team
Breakthrough
Selects Rapid Production
Selects Blitzkrieg
Selects Tiger Heavy Tank
Tiger Heavy Tank
Stoßtruppen Squad
Panzer Officer Quarters
Blitzkrieg
Breakthrough
DanielD
Monsieur Nathan
0
0
Comments
sign in to comment!
No comments posted yet!